 Dungeon Sprint DCSS version 0.19.5 (webtiles) character file.

887 potatolord5000 the Black Sun (level 7, -2/36 HPs)
             Began as a Deep Elf Necromancer on May 3, 2017.
             Was a High Priest of Kikubaaqudgha.
             Slain by a lindwurm (15 damage)
             ... in the Dungeon (Sprint VII: "The Pits").
             The game lasted 00:10:49 (676 turns).

potatolord5000 the Black Sun (Deep Elf Necromancer)  Turns: 676, Time: 00:10:49

Health: -2/36      AC:  2    Str:  5    XL:     7   Next: 77%
Magic:  13/23      EV: 19    Int: 22    God:    Kikubaaqudgha [*****.]
Gold:   0          SH:  0    Dex: 15    Spells: 5 memorised, 9 levels left

rFire  . . .     SeeInvis .     q - staff of energy
rCold  . . .     Gourm    .     a - +0 robe
rNeg   . . .     Faith    .     (no shield)
rPois  .         Spirit   .     (no helmet)
rElec  .         Reflect  .     (no cloak)
rCorr  .         Harm     .     (no gloves)
MR     .....     NoTele   +     (no boots)
Stlth  +++++.....               (no amulet)
                                (no ring)
                                (no ring)

@: exhausted, slowed, very slow
A: no striking features
a: Receive Corpses, Torment, Renounce Religion


You were in the Dungeon.
You worshipped Kikubaaqudgha.
Kikubaaqudgha was extremely pleased with you.
You were hungry.

You visited 1 branch

Inventory:

Armour
 a - a +0 robe (worn)
Magical Staves
 q - an uncursed staff of energy (weapon)
Wands
 f - a wand of flame (40/48)
 r - a wand of teleportation (1/9)
Scrolls
 l - 3 scrolls of remove curse
 m - 5 scrolls of amnesia
 n - a scroll of summoning
Potions
 d - 6 potions of curing
 e - a potion of heal wounds
 g - a potion of magic
 k - 2 potions of invisibility
Books
 b - a book of Necromancy

   Spells                             Type                      Level
   a - Pain                           Necromancy                   1
   b - Animate Skeleton               Necromancy                   1
   c - Vampiric Draining              Necromancy                   3
   d - Regeneration                   Charms/Necromancy            3
   e - Animate Dead                   Necromancy                   4
   f - Control Undead                 Necromancy                   4
 j - Kikubaaqudgha's Handbook of Darkness
   (Kikubaaqudgha gifted it to you in the Dungeon)

   Spells                             Type                      Level
   a - Excruciating Wounds            Charms/Necromancy            5
   b - Cigotuvi's Embrace             Necromancy                   5
   c - Dispel Undead                  Necromancy                   5
   d - Simulacrum                     Ice/Necromancy               6
   e - Death Channel                  Necromancy                   6
Comestibles
 c - 8 bread rations
 o - 40 fruits
 p - 7 meat rations
 s - a chunk of flesh


   Skills:
 + Level 6.3 Staves
 + Level 9.8 Dodging
 + Level 10.4 Stealth
 + Level 10.6 Spellcasting
 + Level 10.7 Necromancy


You had 9 spell levels left.
You knew the following spells:

 Your Spells              Type           Power        Failure   Level  Hunger
a - Pain                  Necr           ####         1%          1    None
b - Vampiric Draining     Necr           ######....   1%          3    None
c - Animate Dead          Necr           N/A          1%          4    None
d - Control Undead        Necr           ######....   1%          4    None
e - Death Channel         Necr           ######....   14%         6    None


Dungeon Overview and Level Annotations

Branches:
Dungeon (1/1)

Altars:
Cheibriados
Dithmenos
Elyvilon
Fedhas
Gozag
Hepliaklqana
Kikubaaqudgha
Nemelex Xobeh
Okawaru
Qazlal
Ru
Sif Muna
Trog
Uskayaw
Vehumet
Zin
The Shining One
Jiyva


Message History

The blast of flame misses you. The tyrant leech completely misses you.
You miss the tyrant leech.
The tyrant leech is moderately wounded.
Your orc warrior zombie hits the lindwurm.
The lindwurm bites you.
* * * LOW HITPOINT WARNING * * *
The lindwurm claws you.
* * * LOW HITPOINT WARNING * * *
The lindwurm closely misses you.
Welcome back, potatolord5000 the Deep Elf Necromancer.
Kikubaaqudgha says: Spread unending torment and darkness!
Press ? for a list of commands and other information.
You are no longer berserk.
You are exhausted.
You feel yourself slow down.
You feel much better. The tyrant leech bites you!
The tyrant leech draws strength from your injuries!
The lindwurm bites you!
You die...
Kikubaaqudgha rasps: "You have failed me!
Welcome... death!"

#.#........##.......
#)#........##.......
#'###########.......
#.......#..#########
#.......#)######
#...#...#k#..G.#
#..###..#'#....#
#...#.).#.'....+
#..@w..[#'#....#
#...kZ.)[.#....#
########### ####


You could see a tyrant leech, a lindwurm and a friendly orc warrior zombie.

Vanquished Creatures
  A deep elf mage (D)
  A floating eye (D)
  A wolf (D)
  Dowan (D)
  An orc priest (D)
  Terence (D)
  A gnoll (D)
  An adder zombie (D)
  An adder skeleton (D)
  A leopard gecko (D)
  An orc (D)
  A giant cockroach (D)
  2 quokkas (D)
  2 bats (D)
16 creatures vanquished.

Vanquished Creatures (collateral kills)
  A porcupine (D)
  Duvessa (D)
  A crimson imp (D)
  4 orcs (D)
  A hobgoblin (D)
  A quokka (D)
9 creatures vanquished.

Vanquished Creatures (others)
  An orc wizard (D)
1 creature vanquished.

Grand Total: 26 creatures vanquished

Notes
Turn   | Place    | Note
-------+----------+-------------------------------------------
     0 | D        | potatolord5000 the Deep Elf Necromancer began the quest for the Orb.
     0 | D        | Reached XP level 1. HP: 10/10 MP: 6/6
    11 | D        | Noticed a floating eye
    14 | D        | Paralysed by a floating eye for 2 turns
    16 | D        | Killed a floating eye
    16 | D        | Reached skill level 5 in Dodging
    16 | D        | Reached XP level 2. HP: 11/15 MP: 2/11
    16 | D        | Reached XP level 3. HP: 14/19 MP: 2/12
    16 | D        | Reached XP level 4. HP: 17/24 MP: 2/14
    55 | D        | Found a radiant altar of Vehumet.
    55 | D        | Found a hide-covered altar of Uskayaw.
    55 | D        | Found an ancient bone altar of Kikubaaqudgha.
    55 | D        | Found a viscous altar of Jiyva.
    55 | D        | Found a hazy altar of Hepliaklqana.
    56 | D        | Found a bloodstained altar of Trog.
    56 | D        | Found a deep blue altar of Sif Muna.
    56 | D        | Found a sacrificial altar of Ru.
    56 | D        | Found a stormy altar of Qazlal.
    56 | D        | Found an iron altar of Okawaru.
    56 | D        | Found a sparkling altar of Nemelex Xobeh.
    56 | D        | Found an opulent altar of Gozag.
    56 | D        | Found a blossoming altar of Fedhas.
    56 | D        | Found a white marble altar of Elyvilon.
    56 | D        | Found a shadowy altar of Dithmenos.
    56 | D        | Found a snail-covered altar of Cheibriados.
    57 | D        | Found a glowing golden altar of the Shining One.
    57 | D        | Found a glowing silver altar of Zin.
    59 | D        | Became a worshipper of Kikubaaqudgha
   121 | D        | Reached * piety under Kikubaaqudgha
   121 | D        | Identified Kikubaaqudgha's Volume of Dark Rites (Kikubaaqudgha gifted it to you in the Dungeon)
   121 | D        | Received a gift from Kikubaaqudgha
   129 | D        | Learned a level 3 spell: Vampiric Draining
   134 | D        | Learned a level 4 spell: Animate Dead
   139 | D        | Learned a level 4 spell: Control Undead
   206 | D        | Reached ** piety under Kikubaaqudgha
   223 | D        | Reached skill level 1 in Staves
   390 | D        | Noticed Duvessa
   390 | D        | Noticed Dowan
   391 | D        | Noticed a wolf
   399 | D        | Noticed a deep elf mage
   400 | D        | Killed a wolf
   400 | D        | Reached XP level 5. HP: 23/28 MP: 9/17
   401 | D        | Noticed Terence
   407 | D        | Killed Duvessa
   407 | D        | Reached *** piety under Kikubaaqudgha
   407 | D        | Identified Kikubaaqudgha's Handbook of Darkness (Kikubaaqudgha gifted it to you in the Dungeon)
   407 | D        | Received a gift from Kikubaaqudgha
   423 | D        | Killed Dowan
   423 | D        | Reached XP level 6. HP: 32/32 MP: 7/19
   425 | D        | Killed Terence
   425 | D        | Reached **** piety under Kikubaaqudgha
   448 | D        | Killed a deep elf mage
   448 | D        | Reached skill level 10 in Stealth
   448 | D        | Reached skill level 10 in Spellcasting
   448 | D        | Reached skill level 10 in Necromancy
   448 | D        | Reached XP level 7. HP: 22/36 MP: 13/22
   505 | D        | Learned a level 6 spell: Death Channel
   515 | D        | Reached ***** piety under Kikubaaqudgha
   618 | D        | Noticed a lindwurm
   618 | D        | Noticed a tyrant leech
   674 | D        | HP: 2/54 [lindwurm (3)]
   676 | D        | Slain by a lindwurm

Skill      XL: |  1  2  3  4  5  6 |
---------------+-------------------+-----
Dodging        | 5 6 7 9 |  9.8
Stealth        | 6 7 8 10 | 10.4
Spellcasting   | 6 7 8 10 | 10.6
Necromancy     | 7 8 10 | 10.7
Staves         | 2 3 6 |  6.3

Action                   |  1- 3 |  4- 6 |  7- 9 || total
-------------------------+-------+-------+-------++-------
Melee: Staff             |       |    36 |    47 ||    83
 Cast: Pain              |     3 |    17 |     2 ||    22
       Animate Dead      |       |     3 |     8 ||    11
       Control Undead    |       |     2 |     1 ||     3
       Vampiric Draining |       |     2 |     4 ||     6
       Death Channel     |       |       |     3 ||     3
Invok: Receive Corpses   |       |       |     3 ||     3
  Use: Potion            |       |     6 |     6 ||    12
       Scroll            |       |       |     1 ||     1
Armor: Robe              |       |     5 |     2 ||     7
Dodge: Dodged            |       |    42 |    44 ||    86
